Map: Frozen Temple

Players

Jim

  • Race: Protoss Protoss

Cham - Winner!

  • Race: Zerg Zerg

Event: DreamHack Open Tours WCS Spring Championship

VOD

Have the link to the VOD?

Description

Time

  • Played on: May 15, 2016, 10:49 a.m.
  • Length: 9:35

All games in this series

Show
View Real Time Build Order
Export as new Build Order

Jim Protoss 

Build Orders: 1 Gate Expand 

Get SALT Encoding   

  12  0:00  Probe (Chrono Boost)  
  13  0:11  Probe (Chrono Boost)  
  14  0:18  Pylon  
  14  0:22  Probe (Chrono Boost)  
  15  0:36  Probe (Chrono Boost)  
  15  0:37  Gateway  
  16  0:44  Assimilator  
  16  0:47  Probe (Chrono Boost)  
  17  0:57  Probe (Chrono Boost)  
  18  1:08  Probe (Chrono Boost)  
  20  1:18  Probe (Chrono Boost)  
  20  1:24  Nexus  
  20  1:33  Cybernetics Core  
  20  1:36  Probe (Chrono Boost)  
  21  1:42  Pylon  
  21  1:46  Probe (Chrono Boost)  
  22  1:51  Assimilator  
  22  1:57  Probe (Chrono Boost)  
  22  2:01  Pylon  
  23  2:07  Probe (Chrono Boost)  
  24  2:09  Warp Gate  
  24  2:10  Adept (Chrono Boost)  
  26  2:19  Probe  
  27  2:31  Probe (Chrono Boost)  
  27  2:35  Twilight Council  
  27  2:36  Adept  
  30  2:39  Probe (Chrono Boost)  
  30  2:43  Probe (Chrono Boost)  
  32  2:50  Probe (Chrono Boost)  
  33  2:53  Probe (Chrono Boost)  
  34  3:00  Probe (Chrono Boost)  
  34  3:03  Adept  
  38  3:10  Mothership Core (Chrono Boost)  
  38  3:11  Probe (Chrono Boost)  
  40  3:15  Gateway  
  40  3:21  Probe (Chrono Boost)  
  40  3:25  Gateway  
  41  3:27  Resonating Glaives (Chrono Boost)  
  41  3:28  Probe (Chrono Boost)  
  41  3:32  Probe  
  43  3:36  Pylon  
  43  3:39  Assimilator  
  43  3:40  Probe  
  44  3:44  Probe  
  44  3:46  Pylon  
  45  3:52  Probe  
  46  3:56  Probe  
  47  4:04  Probe  
  47  4:05  Stargate  
  47  4:06  Stargate  
  47  4:08  Probe  
  49  4:13  Adept  
  49  4:14  Adept  
  54  4:17  Probe  
  54  4:19  Adept  
  54  4:22  Probe, Assimilator  
  57  4:25  Pylon  
  57  4:30  Probe  
  58  4:36  Adept x2  
  62  4:42  Pylon  
  62  4:45  Probe  
  63  4:46  Probe  
  63  4:49  Phoenix (Chrono Boost)  
  63  4:50  Phoenix (Chrono Boost)  
  68  4:55  Adept  
  70  5:02  Adept x2  
  74  5:09  Pylon  
  74  5:12  Phoenix (Chrono Boost)  
  76  5:15  Phoenix (Chrono Boost)  
  78  5:26  Pylon  
  78  5:30  Forge  
  78  5:33  Phoenix (Chrono Boost)  
  80  5:37  Phoenix (Chrono Boost)  
  80  5:40  Forge  
  82  5:46  Adept x3  
  88  5:55  Phoenix (Chrono Boost)  
  90  5:57  Pylon  
  90  5:59  Phoenix (Chrono Boost)  
  92  6:08  Adept  
  94  6:17  Phoenix (Chrono Boost)  
  96  6:22  Phoenix (Chrono Boost)  
  84  6:25  Probe  
  77  6:36  Nexus  
  73  6:40  Phoenix (Chrono Boost)  
  73  6:43  Phoenix (Chrono Boost)  
  73  6:45  Adept  
  73  6:46  Adept x2  
  81  6:51  Pylon  
  77  6:59  Probe  
  77  7:00  Probe  
  79  7:04  Phoenix (Chrono Boost)  
  79  7:07  Phoenix (Chrono Boost)  
  83  7:11  Adept  
  78  7:16  Adept x2  
  82  7:26  Phoenix (Chrono Boost)  
  82  7:28  Phoenix (Chrono Boost)  
  84  7:32  Gateway  
  84  7:33  Gateway  
  84  7:34  Pylon  
  84  7:37  Adept x2  
  84  7:38  Adept  
  90  7:49  Phoenix (Chrono Boost)  
  91  7:51  Phoenix (Chrono Boost)  
  91  7:55  Probe x2  
  93  7:59  Adept x2  
  93  8:03  Adept  
  99  8:07  Pylon  
  99  8:14  Phoenix (Chrono Boost)  
  101  8:30  Nexus  
  101  8:47  Phoenix x2 (Chrono Boost)  
  100  8:58  Adept  
  100  8:59  Adept x2  
  63  9:20  Adept x4  
Show
View Real Time Build Order
Export as new Build Order

Cham Zerg - Winner!

Build Orders: Hatch First 

Get SALT Encoding   

  12  0:01  Drone  
  13  0:09  Drone  
  14  0:17  Overlord  
  14  0:36  Drone x3  
  17  0:53  Hatchery  
  17  0:56  Drone  
  17  1:01  Drone  
  18  1:05  Extractor  
  18  1:09  Drone  
  18  1:19  Spawning Pool  
  18  1:22  Drone  
  18  1:30  Drone  
  19  1:41  Drone  
  20  1:57  Hatchery  
  20  1:58  Drone  
  20  2:06  Metabolic Boost  
  20  2:14  Queen  
  22  2:22  Drone x2  
  24  2:25  Overlord  
  24  2:28  Drone  
  25  2:30  Drone  
  26  2:38  Queen  
  26  2:43  Zergling x2  
  26  2:44  Zergling x2  
  30  2:45  Zergling x2  
  30  2:50  Overlord  
  31  2:56  Queen  
  33  3:03  Drone x3  
  36  3:08  Overlord  
  36  3:14  Drone x2  
  36  3:18  Drone  
  40  3:20  Drone  
  40  3:22  Drone  
  40  3:23  Drone x2  
  40  3:26  Drone  
  44  3:33  Overlord  
  44  3:37  Roach Warren  
  44  3:38  Drone  
  44  3:43  Overlord  
  44  3:45  Drone  
  45  3:49  Drone  
  45  3:51  Drone x3  
  45  3:52  Drone  
  50  3:56  Drone x2  
  50  3:59  Overlord  
  52  4:06  Drone x3  
  52  4:07  Overlord  
  55  4:17  Roach  
  55  4:18  Roach x3  
  55  4:19  Roach  
  55  4:21  Roach  
  55  4:23  Roach  
  69  4:27  Overlord  
  69  4:30  Roach, Zergling x4  
  73  4:32  Zergling x4  
  73  4:34  Zergling x2  
  73  4:37  Zergling x4  
  78  4:41  Zergling x4  
  78  4:44  Zergling x4  
  82  4:46  Queen, Zergling x2  
  82  4:50  Queen  
  87  4:55  Zergling x2  
  87  4:56  Zergling x2  
  87  4:59  Overlord  
  89  5:00  Overlord  
  89  5:02  Queen  
  91  5:11  Drone x2  
  91  5:12  Drone  
  94  5:15  Evolution Chamber  
  94  5:17  Overlord  
  94  5:19  Drone x2  
  94  5:21  Drone  
  96  5:22  Queen  
  96  5:25  Queen  
  100  5:30  Drone x3  
  100  5:31  Spore Crawler  
  100  5:32  Zergling x2  
  100  5:33  Zergling x6  
  106  5:38  Spore Crawler  
  106  5:40  Queen  
  107  5:45  Spore Crawler  
  107  5:46  Spore Crawler  
  105  5:53  Zergling x16  
  112  5:57  Zergling x2  
  113  6:08  Overlord  
  113  6:15  Queen  
  113  6:17  Zergling x2  
  100  6:27  Queen  
  100  6:28  Queen  
  100  6:31  Zergling x8  
  100  6:32  Zergling x14  
  107  6:35  Zergling x2  
  105  6:41  Zergling x6  
  105  6:44  Zerg Melee Weapons Level 1  
  106  6:47  Zergling x2  
  106  6:48  Zergling x4  
  106  6:52  Zergling x6  
  110  6:55  Zergling x4  
  110  6:56  Queen  
  108  7:03  Queen x2, Zergling x2  
  108  7:08  Zergling x6  
  105  7:22  Zergling x2  
  105  7:23  Baneling Nest  
  105  7:25  Zergling x8  
  107  7:32  Zergling x6, Hatchery  
  110  7:38  Zergling x10  
  110  7:39  Queen x2  
  118  7:54  Zergling x4  
  118  7:57  Lair  
  118  8:01  Zergling x6  
  118  8:05  Overlord x4  
  120  8:14  Queen  
  122  8:23  Queen  
  123  8:27  Zergling x16  
  123  8:30  Spore Crawler, Zergling x6  
  123  8:33  Baneling  
  132  8:34  Baneling x15  
  132  8:35  Zergling x8  
  132  8:46  Overlord x3  
  131  8:51  Overlord  
  131  8:52  Overlord x3  

Tags
 
Add a new tag
Caveats
  • Supply blocks, unpowered buildings, or Contaminate may cause inaccurate times.
  • Supply counts are checked every 10 seconds.